 Dungeon Crawl Stone Soup version 0.17-a0-1946-gfb768fe (webtiles) character file.

72160 Ijustatesigmund the Severer (level 15, 0/137 HPs)
             Began as a Hill Orc Fighter on Sept 30, 2015.
             Was the Champion of Okawaru.
             Succumbed to Aizul's bolt of poison
             ... on level 1 of the Snake Pit on Oct 1, 2015.
             The game lasted 01:27:19 (21933 turns).

Ijustatesigmund the Severer (Hill Orc Fighter)     Turns: 21933, Time: 01:27:20

Health: 0/137      AC: 35    Str: 21    XL:     15   Next: 39%
Magic:  23/26      EV: 14    Int:  8    God:    Okawaru [******]
Gold:   1143       SH: 10    Dex: 15    Spells: 2 memorised, 11 levels left

rFire  . . .     SeeInvis .     v - +6 broad axe (chop)
rCold  + . .     Clarity  .     I - +0 plate armour {rC+}
rNeg   . . .     SustAt   .     R - +3 buckler {AC+3}
rPois  .         Gourm    .     F - +2 hat
rElec  .         Spirit   .     y - +1 cloak
rCorr  .         Warding  .     O - +1 pair of gloves
rMut   .         Stasis   .     i - +0 pair of boots
MR     +....                    K - amulet of faith
Stlth  ..........               M - +6 ring of protection
                                Y - +4 ring of evasion

@: lethally poisoned (0 -> -14), heroism, finesse, very slightly contaminated,
hasted, very quick, somewhat resistant to hostile enchantments, extremely
unstealthy
A: no striking features
a: Heroism, Finesse, Renounce Religion


You were on level 1 of the Snake Pit.
You worshipped Okawaru.
Okawaru was exalted by your worship.
You were hungry.

You visited 4 branches of the dungeon, and saw 23 of its levels.
You also visited: Labyrinth and Ice Cave.

You collected 1406 gold pieces.
You spent 263 gold pieces at shops.

Inventory:

Hand weapons
 a - a +3 war axe
 v - a +6 broad axe of chopping (weapon)
 P - a +5 flail of protection
Missiles
 s - 6 poisoned javelins (quivered)
Armour
 i - a +0 pair of boots (worn)
 y - a +1 cloak (worn)
 F - a +2 hat (worn)
 I - a +0 plate armour of cold resistance (worn)
 O - a +1 pair of gloves (worn)
 R - a +3 buckler of protection (worn)
Jewellery
 b - an uncursed ring of protection from fire
 g - an uncursed ring of sustain attributes
 q - an uncursed ring of see invisible
 z - the amulet of Cekugob {Ward -Tele rElec rPois rN++ AC+1 EV+1}
   (You found it on level 5 of the Lair of Beasts)

   [amulet of warding]

   It may prevent the melee attacks of summoned creatures.
   It affects your AC (+1).
   It affects your evasion (+1).
   It insulates you from electricity.
   It protects you from poison.
   It greatly protects you from negative energy.
   It prevents most forms of teleportation.
 C - an uncursed ring of poison resistance
 D - an uncursed ring of positive energy
 G - an uncursed amulet of resist corrosion
 K - an amulet of faith (around neck)
 M - a +6 ring of protection (right hand)
 X - an uncursed ring of flight
 Y - a +4 ring of evasion (left hand)
Magical devices
 d - a wand of cold (3)
 u - a wand of teleportation (4)
 x - a wand of draining (7)
 E - a wand of disintegration (17)
 V - a wand of fire (3)
Scrolls
 p - a scroll of teleportation
 w - 9 scrolls of remove curse
 H - a scroll of fog
 L - a scroll of silence
 T - a scroll of magic mapping
Potions
 f - 12 potions of curing
 j - 2 potions of haste
 k - 6 potions of flight
 m - 3 potions of resistance
 o - 3 potions of might
 r - 5 potions of magic
 t - a potion of cancellation
 A - 2 potions of brilliance
 N - a potion of mutation
 Q - a potion of agility
 S - a potion of invisibility
Books
 c - a book of Air

   Spells                             Type                      Level
   a - Shock                          Conjuration/Air              1
   b - Swiftness                      Charms/Air                   2
   c - Repel Missiles                 Charms/Air                   2
   d - Static Discharge               Conjuration/Air              3
   e - Lightning Bolt                 Conjuration/Air              5
 l - a book of the Warp

   Spells                             Type                      Level
   a - Recall                         Summoning/Translocation      3
   b - Gell's Gravitas                Hexes/Translocation          3
   c - Force Lance                    Conjuration/Translocation    4
   d - Phase Shift                    Translocation                5
   e - Warp Weapon                    Charms/Translocation         5
   f - Summon Forest                  Summoning/Translocation      5
Comestibles
 e - 10 bread rations
 h - 14 meat rations
 n - 10 royal jellies
 J - 16 fruits
 U - a beef jerky
 Z - 5 chunks of flesh


   Skills:
 + Level 13.9(18.9) Fighting
 - Level 18.7(23.7) Axes
 - Level 4.2(9.2) Throwing
 + Level 11.0(16.0) Armour
 - Level 7.7(12.7) Shields
 - Level 4.8 Translocations
 + Level 15.8 Invocations
 - Level 3.4 Evocations


You had 11 spell levels left.
You knew the following spells:

 Your Spells              Type           Power        Failure   Level  Hunger
a - Apportation           Tloc           #.........   69%         1    ##.....
b - Blink                 Tloc           N/A          88%         2    ###....


Dungeon Overview and Level Annotations

Branches:
Dungeon (15/15)            Temple (1/1) D:5            Lair (6/8) D:11
  Snake (1/4) Lair:6          Orc (0/4) D:11         Vaults (0/5) D:13
 Depths (0/5) D:15
  Swamp: Lair:3-6    Shoals: Lair:3-6     Slime: Lair:6-8

Altars:
Ashenzari
Cheibriados
Dithmenos
Elyvilon
Fedhas
Gozag
Kikubaaqudgha
Makhleb
Nemelex Xobeh
Okawaru
Qazlal
Ru
Sif Muna
Trog
Vehumet
Xom
Yredelemnul
Zin
The Shining One

Shops:
D:9 *   D:13 *

Annotations:
D:6 graki42's ghost, experienced DEFE
D:12 exclusion: orange crystal statue
Lair:3 exclusion: oklob plant
Snake:1 Aizul; Louise


Message History

Press: ? - help, Dir - move target cursor
As you read the scroll of blinking, it crumbles to dust.
Aizul casts a spell at you.
You fall asleep.
Aizul casts a spell at you. The bolt of poison hits you!
You are lethally poisoned!
You wake up.
* * * LOW HITPOINT WARNING * * *
Aizul hits you!
* * * LOW HITPOINT WARNING * * *
The anaconda grabs you.
The anaconda bites you but does no damage.
The anaconda constricts you.
Read which item? (? for menu, Esc to quit)
Blink to where?
Press: ? - help, Dir - move target cursor You escape the anaconda's grasp.
As you read the scroll of blinking, it crumbles to dust.
You die...

..##.#
#..#
.###.#
#.##
## #.#
#.# #
#.#
#.#
#.#
#.#
#.#
#.# .#
#.#
#.#
#@#
#.#
#.#
#.#
#.#
#.#
#.#
##ยง#
#SS#


There were no monsters in sight!

Vanquished Creatures
  A minotaur (Lab)
  A rakshasa (D:15)
  A yaktaur captain (D:13)
  Erolcha (D:12)
  7 hydras
  A catoblepas (D:15)
  An anaconda (Snake:1)
  Erica (D:9)
  A centaur warrior (D:14)
  3 ogre magi (D:15)
  2 wizards (D:15)
  4 hill giants
  4 ice statues
  6 ugly things
  A wolf spider (D:15)
  2 orc sorcerers (D:15)
  5 cyclopes
  2 griffons
  2 manticores
  2 salamanders (Snake:1)
  2 centaur zombies (D:14)
  4 black mambas
  4 centaur skeletons
  6 elephants (Lair:2)
  A naga mage (D:15)
  3 kobold demonologists
  4 gargoyles
  11 spiny frogs
  5 komodo dragons
  A fire drake (Lair:6)
  3 yaktaurs
  2 freezing wraiths
  6 trolls
  A polar bear (Lair:5)
  8 two-headed ogres (D:15)
  Grinder (D:3)
  A hornet zombie (D:15)
  32 blink frogs
  14 slime creatures
  A centaur simulacrum (D:14)
  A trapdoor spider (D:15)
  A wyvern (D:13)
  2 wraiths (D:15)
  2 shadows
  3 hungry ghosts
  5 deep elf magi
  The ghost of achirane the Grave Robber, an average VSNe (D:4)
  3 basilisks
  31 yaks
  Eustachio (D:4)
  2 hippogriffs (Lair:3)
  A hippogriff (shapeshifter) (D:13)
  2 humans (D:9)
  Menkaure (D:6)
  5 nagas
  A soldier ant (D:12)
  2 mottled dragons
  4 porcupines
  Duvessa (D:6)
  5 sky beasts
  9 water moccasins
  5 orc warriors
  2 black bears
  20 centaurs
  15 ogres
  2 phantoms
  2 eyes of draining
  9 ice beasts
  9 crocodiles
  5 big kobolds
  14 giant frogs
  Dowan (D:6)
  2 water moccasin skeletons
  5 scorpions
  An electric eel (D:15)
  30 killer bees
  10 hounds
  8 crimson imps
  A quasit (D:11)
  A giant frog zombie (D:12)
  4 orc priests
  6 jellies
  12 orc wizards
  Crazy Yiuf (D:6)
  14 iguanas
  13 worker ants
  10 sheep
  The ghost of ololoev the Slasher, a weakling HEBe of Trog (D:3)
  Robin (D:3)
  10 adders
  5 gnolls
  14 river rats
  7 oozes
  2 adder zombies (D:9)
  2 adder skeletons
  5 worms
  8 giant geckos
  42 orcs
  8 giant cockroaches
  8 hobgoblins
  13 jackals
  20 kobolds
  4 quokkas
  3 ball pythons
  9 bats
  A giant gecko skeleton (D:5)
  3 giant newts
  17 goblins
  9 rats
  A spectral orc (D:8)
  5 fungi
  5 plants
646 creatures vanquished.

Vanquished Creatures (others)
  A wizard (D:11)
  2 fungi (Lair:2)
3 creatures vanquished.

Grand Total: 649 creatures vanquished

Notes
Turn   | Place    | Note
--------------------------------------------------------------
     0 | D:1      | Ijustatesigmund the Hill Orc Fighter began the quest for the Orb.
     0 | D:1      | Reached XP level 1. HP: 19/19 MP: 1/1
    54 | D:1      | Reached XP level 2. HP: 17/27 MP: 2/2
    57 | D:1      | Reached skill level 4 in Fighting
   280 | D:1      | Reached XP level 3. HP: 30/33 MP: 3/3
   795 | D:1      | You fall through a shaft!
   876 | D:2      | Reached XP level 4. HP: 18/41 MP: 4/4
  1497 | D:2      | Reached skill level 5 in Axes
  1939 | D:2      | Found a sacrificial altar of Ru.
  1980 | D:3      | Noticed Robin
  1993 | D:3      | Killed Robin
  1994 | D:3      | Noticed an ogre
  2001 | D:3      | Killed an ogre
  2001 | D:3      | Reached skill level 5 in Fighting
  2001 | D:3      | Reached skill level 6 in Axes
  2001 | D:3      | Reached XP level 5. HP: 21/48 MP: 5/5
  2013 | D:3      | Got a brightly glowing helmet
  2019 | D:3      | Identified the +1 helmet of Egalitarianism {+Blink rF- rC+ Str+2} (You took it off Robin on level 3 of the Dungeon)
  2261 | D:3      | Noticed ololoev's ghost (weakling HEBe)
  2272 | D:3      | Killed ololoev's ghost
  2272 | D:3      | Reached XP level 6. HP: 46/56 MP: 6/6
  2358 | D:3      | Noticed Grinder
  2363 | D:3      | Paralysed by Grinder for 3 turns
  2377 | D:3      | Killed Grinder
  2377 | D:3      | Reached skill level 8 in Axes
  2377 | D:3      | Reached XP level 7. HP: 35/63 MP: 7/7
  3081 | D:4      | Got a scorched dagger
  3143 | D:4      | Identified the +5 dagger of Propriety {venom, rElec rF+ Stlth+} (You found it on level 4 of the Dungeon)
  3201 | D:4      | Noticed achirane's ghost (average VSNe)
  3224 | D:4      | Killed achirane's ghost
  3709 | D:4      | Noticed Eustachio
  3781 | D:4      | Found a sparkling altar of Nemelex Xobeh.
  3827 | D:4      | Found a white marble altar of Elyvilon.
  3909 | D:4      | Found a shimmering altar of Xom.
  3962 | D:4      | Killed Eustachio
  3962 | D:4      | Reached skill level 9 in Axes
  4025 | D:4      | Reached XP level 8. HP: 63/71 MP: 8/8
  4029 | D:5      | Entered Level 5 of the Dungeon
  4102 | D:5      | Got a spiked ring mail
  4113 | D:5      | Identified the +1 ring mail of Wrong Decisions {-Tele rElec Str+4 Int-4} (You found it on level 5 of the Dungeon)
  4237 | D:5      | Found a shattered altar of Ashenzari.
  4468 | D:5      | Found a staircase to the Ecumenical Temple.
  4477 | Temple   | Entered the Ecumenical Temple
  4744 | D:6      | Noticed Duvessa
  4744 | D:6      | Noticed Dowan
  4759 | D:6      | Killed Duvessa
  4759 | D:6      | Killed Dowan
  4759 | D:6      | Reached skill level 10 in Axes
  4794 | D:6      | Noticed graki42's ghost (experienced DEFE)
  5020 | D:6      | Noticed Crazy Yiuf
  5027 | D:6      | Paralysed by Crazy Yiuf for 6 turns
  5034 | D:6      | Killed Crazy Yiuf
  5034 | D:6      | Reached skill level 5 in Armour
  5406 | D:6      | Reached skill level 11 in Axes
  5427 | D:6      | Reached XP level 9. HP: 79/81 MP: 9/9
  5440 | D:6      | Noticed Menkaure
  5445 | D:6      | Killed Menkaure
  6069 | D:8      | Reached skill level 12 in Axes
  6448 | D:8      | Noticed a centaur skeleton
  6463 | D:8      | Killed a centaur skeleton
  6481 | D:8      | Found a basalt altar of Yredelemnul.
  6891 | D:9      | Upgraded the game from 0.17-a0-1945-gfe993df to 0.17-a0-1946-gfb768fe
  6933 | D:9      | Reached skill level 13 in Axes
  7107 | D:9      | Reached XP level 10. HP: 91/91 MP: 10/10
  7298 | D:9      | Found a radiant altar of Vehumet.
  7486 | D:9      | Found Gerhycs's General Store.
  7526 | D:9      | Bought a scroll of fear for 52 gold pieces
  7526 | D:9      | Bought a scroll of identify for 30 gold pieces
  7526 | D:9      | Bought a potion of berserk rage for 75 gold pieces
  7719 | D:9      | Reached skill level 10 in Fighting
  7722 | D:9      | Reached skill level 14 in Axes
  7830 | D:9      | Found an iron altar of Okawaru.
  7853 | D:9      | Became a worshipper of Warmaster Okawaru
  8239 | D:10     | Entered Level 10 of the Dungeon
  8257 | D:10     | Reached skill level 1 in Invocations
  8453 | D:10     | Acquired Okawaru's first power
  8453 | D:10     | Reached XP level 11. HP: 101/101 MP: 12/12
  8485 | D:10     | Noticed Erica
  8488 | D:10     | Noticed a hill giant
  8526 | D:9      | Killed Erica
  8718 | D:9      | Killed a hill giant
  9422 | D:10     | Reached skill level 15 in Axes
  9497 | D:11     | Found a staircase to the Orcish Mines.
  9585 | D:10     | Received a gift from Okawaru
  9587 | D:10     | Reached skill level 5 in Invocations
 10135 | D:12     | Found a labyrinth entrance.
 10145 | Lab      | Entered a labyrinth
 10452 | Lab      | Noticed a minotaur
 10458 | Lab      | Killed a minotaur
 10479 | Lab      | Identified Lehudib's Collected Works on Conjuration
 10566 | D:11     | Reached skill level 5 in Shields
 10724 | D:11     | Reached XP level 12. HP: 47/112 MP: 14/17
 10948 | D:11     | Noticed a wizard
 10954 | D:11     | Paralysed by something for 4 turns
 10963 | D:11     | Paralysed by something for 7 turns
 10967 | D:11     | Killed a wizard
 11330 | D:11     | Reached skill level 16 in Axes
 11342 | D:11     | Received a gift from Okawaru
 11582 | D:11     | Found a staircase to the Lair.
 11644 | Lair:1   | Entered Level 1 of the Lair of Beasts
 12595 | D:12     | Acquired Okawaru's second power
 12834 | D:12     | Noticed Erolcha
 12838 | D:12     | Paralysed by Erolcha for 7 turns
 12852 | D:12     | Killed Erolcha
 13289 | D:12     | Reached skill level 10 in Armour
 13307 | D:12     | Learned a level 1 spell: Apportation
 13310 | D:12     | Learned a level 2 spell: Blink
 13439 | D:12     | Reached skill level 1 in Translocations
 13845 | D:13     | Identified 2 scrolls of acquirement
 13873 | D:13     | Got a faintly glowing shield
 13884 | D:13     | Identified the -4 shield of the Invisible Hand {-Tele rN+ rCorr Slay+6} (You acquired it on level 13 of the Dungeon)
 13958 | D:13     | Found a frozen archway.
 13972 | IceCv    | Entered an ice cave
 13979 | IceCv    | Reached XP level 13. HP: 112/122 MP: 20/20
 14075 | IceCv    | Reached skill level 10 in Invocations
 14385 | D:13     | Received a gift from Okawaru
 14388 | D:13     | Got a twisted dagger {god gift}
 14389 | D:13     | Identified the +4 dagger of Division {venom, rPois MR+} (Okawaru gifted it to you on level 13 of the Dungeon)
 14443 | D:13     | Noticed a seven-headed hydra
 14455 | D:13     | Killed a seven-headed hydra
 14470 | D:13     | Found Toolu's Assorted Antiques.
 14473 | D:13     | Bought a golden potion for 25 gold pieces
 14473 | D:13     | Bought a scroll of identify for 56 gold pieces
 14473 | D:13     | Bought a bubbling silvery potion for 25 gold pieces
 14692 | D:13     | Noticed a yaktaur captain
 14711 | D:13     | Killed a yaktaur captain
 14735 | D:13     | Found a gate to the Vaults.
 14789 | D:13     | Received a gift from Okawaru
 15433 | D:14     | Reached skill level 17 in Axes
 15919 | D:15     | Entered Level 15 of the Dungeon
 16052 | D:15     | Reached XP level 14. HP: 86/129 MP: 23/23
 16616 | D:15     | Reached skill level 1 in Throwing
 16810 | D:15     | Received a gift from Okawaru
 16813 | D:15     | Reached skill level 18 in Axes
 17005 | D:15     | Found a staircase to the Depths.
 17288 | D:15     | Found an iron altar of Okawaru.
 17688 | Lair:2   | Reached skill level 1 in Evocations
 18017 | Lair:2   | Found a deep blue altar of Sif Muna.
 18945 | Lair:3   | Found a blossoming altar of Fedhas.
 19135 | Lair:3   | Received a gift from Okawaru
 19787 | Lair:3   | Reached skill level 15 in Invocations
 19925 | Lair:4   | Reached XP level 15. HP: 126/136 MP: 26/26
 20506 | Lair:4   | Received a gift from Okawaru
 21799 | Lair:6   | Found a staircase to the Snake Pit.
 21817 | Snake:1  | Entered Level 1 of the Snake Pit
 21885 | Snake:1  | Noticed Aizul
 21905 | Snake:1  | Noticed Louise
 21919 | Snake:1  | HP: 6/137 [poisoned by Aizul (bolt of poison)]
 21932 | Snake:1  | HP: 1/137 [Aizul (8)]
 21933 | Snake:1  | Succumbed to Aizul's bolt of poison

Vault maps used:
D:1:      saegor_arrival_simple_f, corexii_item_surrounded_by_moat
D:2:      hangedman_ru_absence, kennysheep_generic_room_14
D:3:      hangedman_abyss_or_decor_stabs, uniq_grinder, uniq_robin
D:4:      lemuel_coloured_pillars_altar, overflow_temple_1_default,
          nicolae_overflow_crystal_walls, first_bread, uniq_eustachio
D:5:      minmay_temple_entry_poolview, nicolae_ashenzari_panopticon
D:6:      uniq_duvessa, uniq_crazy_yiuf_cottage, uniq_menkaure
D:8:      yredelemnul_forgotten_temple_becter
D:9:      vehumet_altar_wand_db, okawaru_humans, serial_shops,
          nicolae_shop_waterfront
D:10:     uniq_erica
D:11:     erik_lair_dragon, hangedman_little_slice_of_home, grunt_ministairs_3,
          spider_trap, lightli_wizard_tower
D:12:     lab_entry_generic, minivault_25_ag,
          hangedman_abyss_or_decor_jellyfish_corner, minmay_statue_bubble,
          uniq_erolcha
D:13:     david_vaults_2, serial_shops, nicolae_shop_behind_doors,
          portal_ice_cave_entry_ice_statue_01
D:14:     minmay_fountain_box
D:15:     grunt_enter_depths_magical_seal, kennysheep_flooded_box
Temple:   zaba_magenta_temple_12
Lair:2:   lemuel_centaur_altar, serial_bayou_shore_b
Lair:3:   bh_chokoban, minmay_hedge_maze, tgw_fedhas, serial_bayou_shore_b,
          lemuel_fruit_fields
Lair:4:   lemuel_fruit_fields
Lair:5:   grunt_forest_small_clearings, st_stairs_8, beast_lair_carwin_6
Lair:6:   elwin_shoals_entry_rooms, minmay_snake_entry_guardpost_small,
          slime_altar_1
Snake:1:  uniq_louise, uniq_aizul
Lab:      nicolae_lab_dead_adventurers, nicolae_lab_grate_2
IceCv:    ice_cave_statue_garden_02

Action                   |  1- 3 |  4- 6 |  7- 9 | 10-12 | 13-15 || total
-------------------------+-------+-------+-------+-------+-------++-------
Melee: War axe           |    89 |    96 |   412 |   867 |       ||  1464
       Broad axe         |       |       |       |    17 |   820 ||   837
       Flail             |       |       |       |       |    62 ||    62
Throw: Javelin           |       |       |       |     5 |    13 ||    18
Invok: Heroism           |       |       |       |     5 |     8 ||    13
       Finesse           |       |       |       |       |     5 ||     5
  Use: Scroll            |     2 |     7 |     7 |    15 |    13 ||    44
       Potion            |     1 |     2 |       |     3 |     6 ||    12
  Eat: Chunk             |       |     4 |     8 |    16 |     8 ||    36
       Beef jerky        |       |       |     2 |       |     4 ||     6
       Bread ration      |       |       |     2 |     1 |       ||     3
       Fruit             |       |       |       |     4 |     3 ||     7
       Royal jelly       |       |       |       |     1 |     1 ||     2
       Meat ration       |       |       |       |       |     2 ||     2
